 Dungeon Crawl Stone Soup version 0.31-a0-774-g0d66cbabe8 (webtiles) character file.

Game seed: 14287193384192385079

56 pokeman the Magician (level 3, 0/20 HPs)
             Began as a Deep Elf Hedge Wizard on Sept 17, 2023.
             Slain by a gnoll
             ... wielding a +0 spear
              (9 damage)
             ... on level 2 of the Dungeon.
             The game lasted 00:02:30 (1630 turns).

pokeman the Magician (Deep Elf Hedge Wizard)        Turns: 1630, Time: 00:02:30

Health: 0/20       AC:  2    Str:  7    XL:     3   Next: 69%
Magic:  1/11       EV: 12    Int: 20    God:
Gold:   54         SH:  0    Dex: 14    Spells: 3/12 levels left

rFire   . . .        a - +0 dagger
rCold   . . .        (no shield)
rNeg    . . .        b - +0 robe
rPois   .            c - +0 hat
rElec   .            (no cloak)
rCorr   .            (no gloves)
SInv    .            (no boots)
Will    .....        (no amulet)
Stlth   ++           f - ring of wizardry
HPRegen 0.23/turn    (no ring)
MPRegen 0.12/turn

%: wizardry (x1)
@: no status effects
A: no striking features
a: no special abilities


You were on level 2 of the Dungeon.
You visited 1 branch of the dungeon, and saw 2 of its levels.

You collected 54 gold pieces.

Inventory:

Hand Weapons
 a - a +0 dagger (weapon)
Armour
 b - a +0 robe (worn)
 c - a +0 hat (worn)
Jewellery
 f - a ring of wizardry (left hand)
Scrolls
 e - 2 scrolls of teleportation {unknown}
 g - 2 scrolls of enchant weapon {unknown}
 j - 2 scrolls of identify {unknown}
 l - a scroll of acquirement {unknown}
 m - a scroll of blinking {unknown}
Potions
 d - a potion of magic
 h - a potion of cancellation {unknown}
 i - a potion of degeneration {unknown}
 k - 2 potions of heal wounds {unknown}


   Skills:
 - Level 1.0 Fighting
 - Level 1.0 Armour
 + Level 2.4 Dodging
 + Level 2.4 Stealth
 * Level 5.3 Spellcasting
 + Level 2.0 Conjurations
 - Level 1.1 Summonings
 - Level 1.1 Translocations


You had 3 spell levels left.
You knew the following spells:

 Your Spells              Type           Power      Damage    Failure   Level
a - Magic Dart            Conj           52%        1d5       1%          1
b - Mephitic Cloud        Conj/Pois/Air  8%         N/A       11%         3
c - Call Imp              Summ           18%        N/A       4%          2
d - Blink                 Tloc           18%        N/A       4%          2
e - Slow                  Hex            20%        N/A       4%          1

Your spell library contained the following spells:

 Spells                   Type           Power      Damage    Failure   Level
 Cigotuvi's Dreadful Rot  Necr/Pois/Air  10%        N/A       7%          2


Dungeon Overview and Level Annotations

Branches:
Dungeon (2/15)

Altars:


Message History

The gnoll is lightly wounded.
A ball python comes into view.
Your cerulean imp barely misses the gnoll.
The gnoll misses you.
The gnoll shouts!
You hit the gnoll.
The gnoll is moderately wounded.
Your cerulean imp hits the gnoll from afar with a -4 spear.
Your cerulean imp barely misses the gnoll.
The gnoll barely misses itself.
Your cerulean imp hits the gnoll from afar with a -4 spear.
There is a stone staircase leading up here.
Casting: Call Imp (safe; 4% risk of failure)
Confirm with . or Enter, or press ? or * to list all spells.
Aiming: Magic Dart (safe; 1% risk of failure)
Press: ? - help, Shift-Dir - straight line, f - ball python, p - gnoll
Aim: a ball python (100% to hit)
The magic dart hits the ball python.
You kill the ball python!
Your cerulean imp hits the gnoll but does no damage.
Unknown command.
Your cerulean imp hits the gnoll but does no damage.
Casting: Magic Dart (safe; 1% risk of failure)
Confirm with . or Enter, or press ? or * to list all spells.
Aiming: Mephitic Cloud (extremely dangerous; 11% risk of failure)
Press: ? - help, Shift-Dir - straight line, f - gnoll
Aim: a gnoll, wielding a +0 flail (chance to affect: 91%)
The ball explodes into a vile cloud!
The stinking cloud engulfs the gnoll but does no damage.
The gnoll is engulfed in noxious fumes.
The gnoll appears confused.
Your cerulean imp completely misses the gnoll.
The gnoll closely misses your cerulean imp.
Unknown command.
Unknown command.
The gnoll is engulfed in noxious fumes.
The gnoll appears confused.
Your cerulean imp completely misses the gnoll.
Your cerulean imp disappears in a puff of smoke!
The gnoll is engulfed in noxious fumes.
The gnoll appears confused.
The gnoll hits you with a +0 spear!
You die...

.. ### #.###.........#
..) #.#
#.g†.........##
...g#.##
#..####.....##
.......###..####...###
....#............°°#
... #...g..#####..○#
.. #..###..# #..°°#
......##..## #gg..#
#.#.###.## #)@§<# #.#.
#.# #.#.## . .. #.#
#.#.# . ..# #.# #.#.#
#.# #.#[# ..# #.#.#
..# ..#.# #.# .##$#
#.#


You could see 2 gnolls.

Vanquished Creatures
  An adder (D:2)
  7 endoplasms
  A giant cockroach (D:1)
  4 goblins
  3 hobgoblins (D:1)
  3 kobolds (D:1)
  3 quokkas (D:1)
  3 ball pythons
  2 bats
  2 frilled lizards (D:2)
  3 rats (D:1)
32 creatures vanquished.

Vanquished Creatures (collateral kills)
  A gnoll (D:2)
  A hobgoblin (D:2)
2 creatures vanquished.

Grand Total: 34 creatures vanquished

Notes
Turn   | Place    | Note
-------+----------+-------------------------------------------
     0 | D:1      | pokeman the Deep Elf Hedge Wizard began the quest for the
                  | Orb.
     0 | D:1      | Reached XP level 1. HP: 10/10 MP: 7/7
   385 | D:1      | Reached XP level 2. HP: 15/15 MP: 6/9
   932 | D:1      | Reached skill level 5 in Spellcasting
  1325 | D:2      | Reached XP level 3. HP: 20/20 MP: 7/11
  1329 | D:2      | Learned a level 3 spell: Mephitic Cloud
  1332 | D:2      | Learned a level 2 spell: Blink
  1334 | D:2      | Learned a level 1 spell: Slow
  1360 | D:2      | Learned a level 2 spell: Call Imp
  1477 | D:2      | Reached skill level 1 in Armour
  1622 | D:2      | Reached skill level 1 in Fighting
  1630 | D:2      | Slain by a gnoll

Illustrated notes

Levels and vault maps discovered:
D:1:      nzn_arrival_crosshair, layout_basic,
          shapermc_ecumenical_altar_mp_urbaneastern
D:2:      layout_rooms, minmay_gold_behind_fungi

Skill      XL: |  1  2  3 |
---------------+----------+-----
Spellcasting   | 5 |  5.3
Armour         | 1 |  1.0
Fighting       | 1 |  1.0
Conjurations   | 2 |  2.0
Dodging        | |  2.4
Stealth        | |  2.4
Summonings     | |  1.1
Translocations | |  1.1

Action                     || total
---------------------------++-------
  Melee: Dagger            ||    12
   Cast: Magic Dart        ||    89
         Mephitic Cloud    ||     4
         Call Imp          ||     2
 Armour: Robe              ||    12
  Dodge: Dodged            ||    12

Table legend: (Time is in decaauts)
 A = Elapsed time spent in this place.
 B = Non-inter-level travel time spent in this place.
 C = Inter-level travel time spent in this place.
 D = Time resting spent in this place.
 E = Time spent auto-exploring this place.
 F = Levels seen in this place.
 G = Mean time per level.
                   A        B        C        D        E       F      G
               +--------+--------+--------+--------+--------+-----+--------+
         Total |   1629 |   1574 |     55 |     50 |   1321 |   2 |  814.5 |
       Dungeon |   1629 |   1574 |     55 |     50 |   1321 |   2 |  814.5 |
               +--------+--------+--------+--------+--------+-----+--------+

Top non-repeatable levels by time:
     D:1: 1401 daAuts
     D:2: 228 daAuts
